 Dungeon Crawl Stone Soup version 0.28.0-62-gf88900778d (webtiles) character file.

Game seed: 3990011461737745387

974 cbfl8 the Chopper (level 7, 0/61 HPs)
             Began as a Minotaur Fighter on Sept 8, 2023.
             Slain by an iguana (10 damage)
             ... on level 5 of the Dungeon.
             The game lasted 00:04:51 (5435 turns).

cbfl8 the Chopper (Minotaur Fighter)                Turns: 5435, Time: 00:04:52

Health: 0/61       AC: 11    Str: 20    XL:     7   Next: 95%
Magic:  6/6        EV:  6    Int:  5    God:
Gold:   175        SH:  9    Dex: 12    Spells: 6/6 levels left

rFire   . . .      SeeInvis .   w - +8 woodcutter's axe {vorpal}
rCold   . . .      Faith    .   d - +0 kite shield
rNeg    . . .      Spirit   .   n - +0 chain mail
rPois   .          Reflect  .   (helmet restricted)
rElec   .          Harm     .   (no cloak)
rCorr   .          Rampage  .   (no gloves)
Will    .....                   q - +0 pair of boots
Stlth   ..........              (no amulet)
HPRegen 0.20/turn               (no ring)
MPRegen 0.10/turn               (no ring)

@: no status effects
A: horns 2, retaliatory headbutt
a: no special abilities


You were on level 5 of the Dungeon.
You visited 1 branch of the dungeon, and saw 5 of its levels.

You collected 287 gold pieces.
You spent 112 gold pieces at shops.

Inventory:

Hand Weapons
 a - a +0 war axe
 h - a +0 broad axe
 v - the +8 hand axe "Idod" {flame, rN+ Int+6 Dex-5}
   (You found it on level 4 of the Dungeon)

   It burns those it strikes, dealing additional fire damage.
   Big, fiery blades are also staple armaments of hydra-hunters.
   Int:       It affects your intelligence (+6).
   Dex:       It affects your dexterity (-5).
   rN:        It protects you from negative energy.
 w - the +8 woodcutter's axe (weapon) {vorpal}
   (You took it off a gnoll on level 4 of the Dungeon)

   It inflicts extra damage upon your enemies.
Armour
 d - a +0 kite shield (worn)
 n - a +0 chain mail (worn)
 q - a +0 pair of boots (worn)
Wands
 b - a wand of flame (26)
Scrolls
 f - 3 scrolls of teleportation
 m - a scroll of immolation {unknown}
 s - a scroll of magic mapping {unknown}
 u - a scroll of enchant weapon {unknown}
 x - a scroll of amnesia {unknown}
Potions
 c - a potion of flight {unknown}
 e - a potion of invisibility {unknown}
 g - a potion of cancellation
 i - a potion of degeneration {unknown}
 j - a potion of haste
 k - a potion of resistance {unknown}
 l - 3 potions of brilliance {unknown}
 o - 2 potions of curing {unknown}
 p - 2 potions of mutation {unknown}
 r - a potion of magic {unknown}


   Skills:
 + Level 5.3 Fighting
 + Level 7.2 Axes
 + Level 6.1 Armour
 + Level 4.8 Shields
 * Level 3.4 Evocations


You had 6 spell levels left.
You didn't know any spells.
Your spell library contained the following spells:

 Spells                   Type           Power      Damage    Failure   Level
 Magic Dart               Conj           0%         1d3       100%        1
 Call Imp                 Summ           0%         N/A       100%        2
 Frozen Ramparts          Ice            0%         1d2       100%        3
 Mephitic Cloud           Conj/Pois/Air  0%         N/A       100%        3
 Ice Form                 Ice/Tmut       0%         N/A       100%        4
 Summon Ice Beast         Ice/Summ       0%         N/A       100%        4


Dungeon Overview and Level Annotations

Branches:
Dungeon (5/15)
 Temple: D:4-7

Altars:
Okawaru
Ru
Sif Muna
Wu Jian
Beogh

Shops:
D:3 ?   D:4 [

Annotations:
D:4 Edmund


Innate Abilities, Weirdness & Mutations

You have a pair of horns on your head.
You reflexively headbutt those who attack you in melee.


Message History

There is a stone staircase leading down here.
You are too injured to fight recklessly!
Unknown command.
You are too injured to fight recklessly!
Unknown command.
You are too injured to fight recklessly!
You hit Edmund but do no damage.
Edmund is heavily wounded.
Edmund hits you with a +5 dire flail of protection!
* * * LOW HITPOINT WARNING * * *
You hit Edmund but do no damage.
Edmund is heavily wounded.
Edmund hits you with a +5 dire flail of protection!
* * * LOW HITPOINT WARNING * * *
You hit Edmund. Your headbutt misses Edmund.
Edmund is heavily wounded.
Edmund barely misses you.
You closely miss Edmund.
Edmund is heavily wounded.
Edmund hits you but does no damage.
You barely miss Edmund. You headbutt Edmund, but do no damage.
Edmund is heavily wounded.
You block Edmund's attack.
Blink to where?
Press: ? - help, Dir - move target
As you read the scroll of blinking, it crumbles to dust.
Edmund says, "A flail is better than a scythe, any day of the week!"
There is a stone staircase leading down here.
You climb downwards.
The iguana hisses angrily.
The iguana bites you but does no damage.
Found a scroll of identify and 9 gold pieces.
There is a stone staircase leading up here.
You hit the iguana.
The iguana is lightly wounded.
The iguana bites you but does no damage.
You barely miss the iguana.
The iguana is lightly wounded.
The iguana bites you!
You die...

## .# ##l#
#@.#
...?.....#
####$##..#
# #..#
.... ##..#
... ....


You could see an iguana.

Vanquished Creatures
  Grinder (D:4)
  Sigmund (D:2)
  A black bear (D:3)
  A scorpion (D:4)
  A gnoll sergeant (D:3)
  A gnoll shaman (D:3)
  3 orc priests
  Terence (D:3)
  3 orc wizards
  11 gnolls
  2 adders
  A worm (D:4)
  3 dart slugs
  4 orcs
  7 bats
  6 endoplasms
  2 giant cockroaches
  11 goblins
  2 hobgoblins
  4 jackals (D:4)
  5 quokkas
  8 ball pythons
  4 frilled lizards
  5 kobolds
  3 rats
91 creatures vanquished.

Vanquished Creatures (others)
  2 fungi (D:1)
  2 plants (D:1)
  5 toadstools (D:1)
9 creatures vanquished.

Grand Total: 100 creatures vanquished

Notes
Turn   | Place    | Note
-------+----------+-------------------------------------------
     0 | D:1      | cbfl8 the Minotaur Fighter began the quest for the Orb.
     0 | D:1      | Reached XP level 1. HP: 19/19 MP: 0/0
   195 | D:1      | Reached XP level 2. HP: 27/27 MP: 1/1
   358 | D:1      | Found a faded altar of an unknown god.
   600 | D:1      | Reached XP level 3. HP: 29/33 MP: 2/2
  1162 | D:2      | Noticed Terence
  1165 | D:2      | Noticed Sigmund
  1196 | D:3      | Killed Terence
  1197 | D:3      | Reached skill level 3 in Axes
  1197 | D:3      | Reached skill level 1 in Evocations
  1197 | D:3      | Reached XP level 4. HP: 12/40 MP: 3/3
  1434 | D:2      | Killed Sigmund
  1435 | D:2      | Reached skill level 4 in Axes
  1435 | D:2      | Reached XP level 5. HP: 45/47 MP: 4/4
  1931 | D:3      | Found Xiufiep's Magic Scroll Shop.
  1943 | D:3      | Bought a scroll of identify for 28 gold pieces
  1943 | D:3      | Bought a scroll of teleportation for 42 gold pieces
  1943 | D:3      | Bought a scroll of teleportation for 42 gold pieces
  1986 | D:3      | Reached skill level 5 in Axes
  1986 | D:3      | Reached XP level 6. HP: 23/53 MP: 5/5
  2715 | D:3      | Found an ornate altar of the Wu Jian Council.
  2904 | D:3      | Reached skill level 5 in Armour
  3462 | D:3      | Reached XP level 7. HP: 57/60 MP: 6/6
  3635 | D:4      | Reached skill level 6 in Axes
  3785 | D:4      | Found a faded altar of an unknown god.
  3785 | D:4      | Found an iron altar of Okawaru.
  3793 | D:4      | Found a sacrificial altar of Ru.
  3795 | D:4      | Found a faded altar of an unknown god.
  3797 | D:4      | Found a shimmering blue altar of Sif Muna.
  3964 | D:4      | Found Pymokulu's Armour Shoppe.
  3968 | D:4      | Noticed Grinder
  3970 | D:4      | Paralysed by Grinder for 3 turns
  3977 | D:4      | Killed Grinder
  3978 | D:4      | Reached skill level 5 in Fighting
  4510 | D:3      | Reached skill level 7 in Axes
  5128 | D:4      | Identified the +8 hand axe "Idod" {flame, rN+ Int+6 Dex-5}
  5200 | D:5      | Entered Level 5 of the Dungeon
  5376 | D:5      | Noticed Edmund
  5435 | D:5      | Slain by an iguana

Illustrated notes

Levels and vault maps discovered:
D:1:      ldierk_walled_garden, layout_basic,
          shapermc_ecumenical_altar_mp_urbaneastern
D:2:      kennysheep_big_flooded_room, layout_basic, uniq_terence, uniq_sigmund
D:3:      layout_basic, nicolae_wu_jian_wuxing_cycle, serial_shops,
          nicolae_square_shop, kennysheep_orc_chapel
D:4:      layout_loops_ring, chequers_temple_overflow_minitemple, serial_shops,
          kennysheep_mini, pf_guarded_unrand_woodcutter, uniq_grinder
D:5:      layout_basic, lemuel_tele_altar, serial_shops,
          nicolae_shop_statue_plus, kennysheep_small_spiral, serial_park_tiny_2,
          st_stairs_2, uniq_edmund

Skill      XL: |  1  2  3  4  5  6  7 |
---------------+----------------------+-----
Shields        | 4 |  4.8
Fighting       | 4 5 |  5.3
Armour         | 4 5 6 |  6.1
Axes           | 3 4 5 7 |  7.2
Evocations     | 1 2 3 |  3.4

Action                   |  1- 3 |  4- 6 |  7- 9 || total
-------------------------+-------+-------+-------++-------
Melee: War axe           |    40 |       |    24 ||    64
       Headbutt          |     7 |    12 |    15 ||    34
       Broad axe         |    27 |    66 |    66 ||   159
  Use: Scroll            |       |     6 |     1 ||     7
       Potion            |       |       |     1 ||     1
Armor: Scale mail        |    49 |       |       ||    49
       Chain mail        |       |    43 |    44 ||    87
Dodge: Dodged            |    42 |    24 |    35 ||   101
Block: Buckler           |    13 |    20 |    13 ||    46
       Kite shield       |       |       |    17 ||    17
